AoeStats
← Rodri

Yucatan

510380369Analyzed
3v3 RM · 2d ago on Sep 30, 2026· 46m 23s· 6 players
Game mode
Random Map
Map size
Normal (6 player)
Population
200
Speed
Normal
Resources
Standard
Victory
Conquest
Starting age
Dark Age
Ending age
Imperial Age
RankedLock teamsTeams togetherTeam positionsShared explorationLock speedFull tech treeHidden civsTurbo modeCheats
Victory
Defeat
🇧🇪 Goths · Belgium
779
+17
🇦🇷 Italians · Argentina
759
+17
🇮🇹 Huns · Italy
674
+20
🇸🇪 Khmer · Sweden
836
-20
🇸🇪 Koreans · Sweden
763
-17
🇸🇪 Bengalis · Sweden
759
-17
Rodri
11:24 Feudal Age
11:54 Double-Bit Axe
12:50 Wheelbarrow
12:25 Fishing Lines
16:36 Town Watch
20:23 Castle Age
18:52 Stone Mining
18:55 Gold Mining
24:27 Padded Archer Armor
24:17 Fletching
25:25 Murder Holes
25:22 Heated Shot
27:40 Ballistics
28:44 Gillnets
29:33 Leather Archer Armor
34:32 Imperial Age
33:00 Elite Skirmisher
36:25 Chemistry
35:57 Ring Archer Armor
35:23 Bodkin Arrow
40:57 Elite Genoese Crossbowman
45:34 Pikeman
matteo.dada
0:27 Loom
13:36 Feudal Age
14:06 Double-Bit Axe
14:03 Horse Collar
15:14 Wheelbarrow
15:28 Bloodlines
17:01 Scale Barding Armor
20:21 Gold Mining
20:21 Stone Mining
21:42 Stone Mining
28:30 Castle Age
26:27 Man-at-Arms
28:46 Forging
30:43 Hand Cart
30:36 Heavy Plow
33:06 Husbandry
35:32 Chain Barding Armor
35:49 Iron Casting
39:46 Imperial Age
37:38 Marauders
38:54 Bow Saw
43:42 Gold Shaft Mining
43:22 Light Cavalry
44:03 Cavalier
ExponentMars848
4:02 Loom
10:19 Feudal Age
11:47 Wheelbarrow
11:02 Double-Bit Axe
11:00 Horse Collar
18:38 Castle Age
18:12 Forging
18:03 Scale Mail Armor
19:35 Heavy Plow
21:49 Bow Saw
26:30 Gold Mining
26:31 Stone Mining
30:11 Hand Cart
36:17 Imperial Age
34:31 Iron Casting
34:12 Chain Mail Armor
34:02 Anarchy
34:51 Caravan
35:00 Padded Archer Armor
36:27 Squires
37:47 Crop Rotation
38:28 Two-Man Saw
37:15 Capped Ram
39:58 Coinage
42:05 Masonry
FuriousHenry
0:33 Loom
17:20 Feudal Age
26:22 Stone Mining
28:54 Double-Bit Axe
33:00 Castle Age
31:04 Man-at-Arms
34:18 Bow Saw
34:04 Fishing Lines
34:27 Scale Mail Armor
34:18 Fletching
35:03 Squires
34:24 Pikeman
35:59 Bodkin Arrow
36:23 Gold Mining
chrianders
11:41 Feudal Age
16:13 Castle Age
15:58 Fletching
16:09 Padded Archer Armor
15:59 Double-Bit Axe
15:56 Horse Collar
17:05 Bodkin Arrow
18:35 Leather Archer Armor
21:37 Wheelbarrow
22:26 Bow Saw
22:19 Heavy Plow
24:20 Ballistics
24:11 Scale Barding Armor
28:58 Bloodlines
28:39 Town Watch
29:35 Husbandry
36:01 Imperial Age
34:56 Hand Cart
37:01 Bracer
38:33 Chemistry
38:18 Elite Elephant Archer
40:41 Chain Barding Armor
42:34 Ring Archer Armor
42:40 Plate Barding Armor
GrottUlla
0:28 Loom
15:29 Feudal Age
16:42 Double-Bit Axe
16:39 Horse Collar
16:55 Stone Mining
16:58 Gold Mining
18:38 Wheelbarrow
17:49 Town Watch
22:42 Castle Age
22:14 Forging
30:33 Man-at-Arms
36:11 Heavy Plow
36:25 Bow Saw
37:37 Fletching
37:48 Padded Archer Armor
48:09 Imperial Age
Connection lost

Rejoining the realm…

Still unreachable

The connection could not be restored.

Session expired

The server has moved on; the page needs a fresh start.